Blues vs Bruins

Created - 8 janvier 2021 at 20:32

Goals
1 2 3 T
Blues 1 0 2 3
Bruins 0 1 0 1
Shots
1 2 3 T
Blues 11 10 9 30
Bruins 18 7 6 31

1st period

1. Blues , Sean Couturier 13 (Johnny Gaudreau 11, Seth Jones 26) at 13:14

Penalties :
P.K. Subban (STL) for Delaying the game (Minor) at 19:06

2nd period

2. Bruins , Alex Iafallo 16 (Jordan Oesterle 12) at 13:18

Penalties :
P.K. Subban (STL) for Roughing (Minor) at 9:14, Martin Necas (STL) for Holding (Minor) at 18:37

3rd period

3. Blues , Jack Eichel 19 (Mikko Rantanen 25, Colin Miller 6) at 0:54
4. Blues , Mikko Rantanen 11 (P.K. Subban 14, Jack Eichel 35) at 17:34

Penalties :
Anthony Mantha (STL) for High sticking (Minor) at 2:13, Anthony Mantha (STL) for Hooking (Minor) at 5:10, Jayson Megna (BOS) for Fighting (Major) at 7:23, MacKenzie Weegar (STL) for Fighting (Major) at 7:23, MacKenzie Weegar (STL) for instigated a fight (Game Misconduct) at 7:23, P.K. Subban (STL) for Unsportsmanlike conduct (Minor) at 15:00

Goalie Stats

Brian Elliott (STL), 30 saves from 31 shots - (0,968), W, 2-0-0, 60:00 minutes
Tristan Jarry (BOS), 27 saves from 30 shots - (0,900), L, 10-15-1, 60:00 minutes

Players Stats for Blues

Player Name              G  A  P  +/- PIM S  H  SB GA TA FO     MP     PP MP  PK MP  
------------------------------------------------------------------------------------
Anthony Mantha           0  0  0  -1  4   6  1  0  0  0  0/0    11:47   0:00   0:57 
Christian Dvorak         0  0  0  -1  0   0  0  0  0  0  13/18  12:25   0:00   1:33 
Colin Miller             0  1  1   0  0   0  2  2  0  0  0/0    14:58   0:00   2:18 
Dougie Hamilton          0  0  0   0  0   0  0  1  0  0  0/0    25:01   0:00   7:18 
Jack Eichel              1  1  2   2  0   5  0  0  0  0  10/20  16:13   0:00   0:00 
Johnny Gaudreau          0  1  1   1  0   2  0  0  0  0  0/1    15:56   0:00   0:43 
Jordan Staal             0  0  0   0  0   0  1  0  0  0  10/21  12:28   0:00   8:39 
Josh Bailey              0  0  0   2  0   1  0  0  0  0  0/0    16:13   0:00   0:00 
MacKenzie Weegar         0  0  0   0  17  1  1  2  0  0  0/0    10:51   0:00   0:43 
Martin Necas             0  0  0   1  2   2  2  0  0  0  0/3    15:12   0:00   0:00 
Michael Chaput           0  0  0   0  0   0  0  0  0  0  2/4     7:30   0:00   3:41 
Mikko Rantanen           1  1  2   2  0   3  4  0  0  0  3/3    16:13   0:00   0:00 
Miles Wood               0  0  0  -1  0   1  1  0  0  0  0/0    14:33   0:00   3:41 
P.K. Subban              0  1  1   2  6   1  3  1  0  0  0/0    22:07   0:00   4:14 
Ryan Pulock              0  0  0   1  0   0  1  1  0  0  0/0    21:08   0:00   4:26 
Sean Couturier           1  0  1   1  0   8  0  0  0  0  11/24  15:13   0:00   0:00 
Seth Jones               0  1  1   1  0   0  3  5  0  0  0/0    25:51   0:00   8:47 
Trevor Lewis             0  0  0   0  0   0  0  1  0  0  0/0    12:21   0:00   8:32 

Players Stats for Bruins

Player Name              G  A  P  +/- PIM S  H  SB GA TA FO     MP     PP MP  PK MP  
------------------------------------------------------------------------------------
Adam Henrique            0  0  0  -1  0   3  0  0  0  0  19/30  21:31   6:39   0:00 
Alex Iafallo             1  0  1   1  0   3  0  0  0  0  0/0    20:31   6:39   0:00 
Antoine Roussel          0  0  0  -2  0   3  0  0  0  0  0/0    16:21   0:00   0:00 
Brady Skjei              0  0  0   1  0   0  2  1  0  0  0/0    21:51   7:26   0:00 
Brett Pesce              0  0  0  -2  0   0  1  3  0  0  0/0    16:41   0:31   0:00 
Brian Dumoulin           0  0  0  -2  0   0  1  2  0  0  0/0    18:48   0:00   0:00 
Carl Hagelin             0  0  0  -1  0   3  1  0  0  0  1/6    16:04   1:12   0:00 
Colton White             0  0  0  -1  0   0  0  1  0  0  0/0    20:29   5:56   0:00 
Jayson Megna             0  0  0  -2  5   1  0  0  0  0  4/12   12:25   6:02   0:00 
Jonathon Merrill         0  0  0  -1  0   0  0  1  0  0  0/0     4:00   0:00   0:00 
Jordan Oesterle          0  1  1   1  0   0  0  3  0  0  0/0    24:11   7:26   0:00 
Marcus Sorensen          0  0  0   0  0   3  1  0  0  0  0/0    17:14   6:39   0:00 
Markus Nutivaara         0  0  0   0  0   0  0  0  0  0  0/0    14:00   6:27   0:00 
Michael Frolik           0  0  0   1  0   6  0  0  0  0  0/3    20:36   7:14   0:00 
Radek Faksa              0  0  0   1  0   3  0  0  0  0  16/26  13:49   0:00   0:00 
Tanner Fritz             0  0  0  -2  0   1  0  0  0  0  0/0     7:36   0:00   0:00 
Tyler Bertuzzi           0  0  0  -1  0   5  3  0  0  0  1/2    23:08   7:14   0:00 
Vladimir Sobotka         0  0  0   0  0   0  1  0  0  0  4/15   10:44   0:00   0:00 

3 Stars

1 - Mikko Rantanen (STL)
2 - Jack Eichel (STL)
3 - Brian Elliott (STL)

Power Play

Blues - 0 on 0 Attempt(s) - 0,00%
Bruins - 0 on 7 Attempt(s) - 0,00%

Penalty Kill

Blues - 7 on 7 Attempt(s) - 100,00% - Score 0 goal in Penalty Kill
Bruins - 0 on 0 Attempt(s) - 0,00% - Score 0 goal in Penalty Kill

Team Stat

Blues - Hits : 19 - Faceoff Wins : 49 - Blocked Shots : 13 - Penalty Minutes : 29
Bruins - Hits : 10 - Faceoff Wins : 45 - Blocked Shots : 11 - Penalty Minutes : 5

Official

Referees : Gord Dwyer and Justin Kea
Linesman : Ryan Gibbons and Derek Wahl

Game Notes

Jonathon Merrill is injured at 14:36 of 1st period (Bruised Left Shoulder)
MacKenzie Weegar beats up Jayson Megna at 7:23 of 3rd period
MacKenzie Weegar ejected from game at 7:23 of 3rd period

Finance

Level 1 -- Attendance: 6000 (100,00%) -- Ticket Income 708 000 $
Level 2 -- Attendance: 4601 (92,02%) -- Ticket Income 345 075 $
Level 3 -- Attendance: 3304 (94,40%) -- Ticket Income 158 592 $
Level 4 -- Attendance: 2857 (89,84%) -- Ticket Income 85 710 $
Luxury Box -- Attendance: 887 (88,70%) -- Ticket Income 187 157 $
Game was played at the TD Garden.
Total Attendance: 17649 (94,48%)
Total Ticket Income: 1 484 534 $
Other Income: 727 422 $
Total Income: 2 211 956 $

% Time on Ice - Blues

Lines # - Real PCT - Wanted PCT - Time Play
Normal Forward
1 - 35% - 36% - 16:13
2 - 33% - 33% - 15:13
3 - 24% - 25% - 10:52
4 - 8% - 6% - 3:49
Normal Defense
1 - 38% - 40% - 17:20
2 - 35% - 40% - 16:07
3 - 27% - 20% - 12:40
4 - 0% - 0% - 0:00
PP Forward
1 - 0% - 50%
2 - 0% - 50%
PP Defense
1 - 0% - 55%
2 - 0% - 45%
PK Forward
1 - 73% - 60% - 10:12
2 - 27% - 40% - 3:41
PK Defense
1 - 69% - 60% - 9:35
2 - 31% - 40% - 4:18
PK3 Forward
1 - 0% - 50%
2 - 0% - 50%
PK3 Defense
1 - 0% - 70%
2 - 0% - 30%
44 Forward
1 - 0% - 60%
2 - 0% - 40%
44 Defense
1 - 0% - 60%
2 - 0% - 40%
Last Minute Offensive  - 0:00
Last Minute Defensive  - 0:00
Total
Forward - 60:00
Defense - 60:00

% Time on Ice - Bruins

Lines # - Real PCT - Wanted PCT - Time Play
Normal Forward
1 - 32% - 36% - 14:52
2 - 30% - 32% - 13:49
3 - 21% - 22% - 9:50
4 - 16% - 10% - 7:36
Normal Defense
1 - 31% - 36% - 14:19
2 - 33% - 32% - 15:02
3 - 20% - 21% - 9:13
4 - 16% - 11% - 7:33
PP Forward
1 - 48% - 55% - 6:39
2 - 52% - 45% - 7:14
PP Defense
1 - 54% - 60% - 7:26
2 - 46% - 40% - 6:27
PK Forward
1 - 0% - 60%
2 - 0% - 40%
PK Defense
1 - 0% - 60%
2 - 0% - 40%
PK3 Forward
1 - 0% - 54%
2 - 0% - 46%
PK3 Defense
1 - 0% - 60%
2 - 0% - 40%
44 Forward
1 - 0% - 55%
2 - 0% - 45%
44 Defense
1 - 0% - 60%
2 - 0% - 40%
Last Minute Offensive  - 0:00
Last Minute Defensive  - 0:00
Total
Forward - 60:00
Defense - 60:00

Play-by-Play

1st period


0:01 of 1st period - Jack Eichel wins face-off versus Adam Henrique in neutral zone.
0:06 of 1st period - Shot by Mikko Rantanen.
0:06 of 1st period - Shot Blocked by Jordan Oesterle.
0:18 of 1st period - Shot by Carl Hagelin.
0:18 of 1st period - Stopped by Brian Elliott without a rebound.
0:19 of 1st period - Radek Faksa wins face-off versus Sean Couturier in Blues zone.
0:20 of 1st period - Shot by Jonathon Merrill.
0:20 of 1st period - Shot Misses the Net.
0:22 of 1st period - Shot by Michael Frolik.
0:22 of 1st period - Stopped by Brian Elliott without a rebound.
0:23 of 1st period - Christian Dvorak wins face-off versus Vladimir Sobotka in Blues zone.
0:51 of 1st period - Shot by Miles Wood.
0:51 of 1st period - Shot Misses the Net.
0:59 of 1st period - Shot by Anthony Mantha.
0:59 of 1st period - Stopped by Tristan Jarry without a rebound.
1:00 of 1st period - Radek Faksa wins face-off versus Martin Necas in Bruins zone.
1:32 of 1st period - Shot by Michael Frolik.
1:32 of 1st period - Stopped by Brian Elliott without a rebound.
1:33 of 1st period - Jack Eichel wins face-off versus Adam Henrique in Blues zone.
1:33 of 1st period - Jack Eichel is hit by Carl Hagelin.
1:47 of 1st period - Shot by Adam Henrique.
1:47 of 1st period - Shot Blocked by Seth Jones.
1:49 of 1st period - Shot by Tyler Bertuzzi.
1:49 of 1st period - Stopped by Brian Elliott without a rebound.
1:50 of 1st period - Jordan Staal wins face-off versus Jayson Megna in Blues zone.
2:43 of 1st period - Icing by Markus Nutivaara.
2:44 of 1st period - Jack Eichel wins face-off versus Jayson Megna in Bruins zone.
2:57 of 1st period - Shot by Jack Eichel.
2:57 of 1st period - Shot Misses the Net.
3:59 of 1st period - Shot by Sean Couturier.
3:59 of 1st period - Shot Misses the Net.
4:01 of 1st period - Shot by Colin Miller.
4:01 of 1st period - Shot Blocked by Brett Pesce.
4:03 of 1st period - Shot by Martin Necas.
4:03 of 1st period - Stopped by Tristan Jarry without a rebound.
4:04 of 1st period - Christian Dvorak wins face-off versus Adam Henrique in Bruins zone.
4:23 of 1st period - Shot by Tyler Bertuzzi.
4:23 of 1st period - Shot Misses the Net.
4:29 of 1st period - Ryan Pulock is hit by Tyler Bertuzzi and loses puck.
4:43 of 1st period - Shot by Carl Hagelin.
4:43 of 1st period - Shot Misses the Net.
6:14 of 1st period - Icing by MacKenzie Weegar.
6:15 of 1st period - Radek Faksa wins face-off versus Jack Eichel in Blues zone.
6:33 of 1st period - Shot by Radek Faksa.
6:33 of 1st period - Shot Blocked by MacKenzie Weegar.
6:35 of 1st period - Shot by Brian Dumoulin.
6:35 of 1st period - Shot Misses the Net.
6:37 of 1st period - Shot by Michael Frolik.
6:37 of 1st period - Deflect By Radek Faksa.
6:37 of 1st period - Shot Misses the Net.
7:00 of 1st period - Icing by Brian Dumoulin.
7:01 of 1st period - Vladimir Sobotka wins face-off versus Jordan Staal in Bruins zone.
7:13 of 1st period - Icing by Brian Dumoulin.
7:14 of 1st period - Christian Dvorak wins face-off versus Vladimir Sobotka in Bruins zone.
7:33 of 1st period - Shot by Anthony Mantha.
7:33 of 1st period - Stopped by Tristan Jarry with a rebound.
8:23 of 1st period - Shot by Tanner Fritz.
8:23 of 1st period - Stopped by Brian Elliott without a rebound.
8:24 of 1st period - Radek Faksa wins face-off versus Jack Eichel in Blues zone.
8:43 of 1st period - Shot by Michael Frolik.
8:43 of 1st period - Stopped by Brian Elliott with a rebound.
8:45 of 1st period - Shot by Michael Frolik.
8:45 of 1st period - Stopped by Brian Elliott without a rebound.
8:46 of 1st period - Adam Henrique wins face-off versus Sean Couturier in Blues zone.
8:47 of 1st period - Shot by Carl Hagelin.
8:47 of 1st period - Stopped by Brian Elliott with a rebound.
8:49 of 1st period - Shot by Carl Hagelin.
8:49 of 1st period - Stopped by Brian Elliott without a rebound.
8:50 of 1st period - Sean Couturier wins face-off versus Radek Faksa in Blues zone.
9:17 of 1st period - Shot by Dougie Hamilton.
9:17 of 1st period - Shot Misses the Net.
9:19 of 1st period - Shot by Sean Couturier.
9:19 of 1st period - Stopped by Tristan Jarry without a rebound.
9:20 of 1st period - Mikko Rantanen wins face-off versus Vladimir Sobotka in Bruins zone.
9:35 of 1st period - Shot by Mikko Rantanen.
9:35 of 1st period - Shot Misses the Net.
10:02 of 1st period - Vladimir Sobotka is hit by Mikko Rantanen.
10:25 of 1st period - Icing by Colin Miller.
10:26 of 1st period - Adam Henrique wins face-off versus Jack Eichel in Blues zone.
10:49 of 1st period - Off-side.
10:50 of 1st period - Christian Dvorak wins face-off versus Radek Faksa in neutral zone.
11:01 of 1st period - Shot by Anthony Mantha.
11:01 of 1st period - Stopped by Tristan Jarry without a rebound.
11:02 of 1st period - Sean Couturier wins face-off versus Adam Henrique in Bruins zone.
11:11 of 1st period - Shot by Johnny Gaudreau.
11:11 of 1st period - Stopped by Tristan Jarry without a rebound.
11:12 of 1st period - Radek Faksa wins face-off versus Christian Dvorak in Bruins zone.
11:40 of 1st period - Shot by Miles Wood.
11:40 of 1st period - Shot Misses the Net.
11:42 of 1st period - Shot by Miles Wood.
11:42 of 1st period - Shot Blocked by Jordan Oesterle.
11:52 of 1st period - Shot by Miles Wood.
11:52 of 1st period - Stopped by Tristan Jarry without a rebound.
11:53 of 1st period - Adam Henrique wins face-off versus Sean Couturier in Bruins zone.
11:53 of 1st period - Adam Henrique is hit by Martin Necas.
12:07 of 1st period - Shot by Tyler Bertuzzi.
12:07 of 1st period - Deflect By Adam Henrique.
12:07 of 1st period - Stopped by Brian Elliott with a rebound.
12:16 of 1st period - Carl Hagelin is hit by Seth Jones and loses puck.
12:19 of 1st period - Shot by Adam Henrique.
12:19 of 1st period - Stopped by Brian Elliott without a rebound.
12:20 of 1st period - Jack Eichel wins face-off versus Vladimir Sobotka in Blues zone.
12:34 of 1st period - Shot by Vladimir Sobotka.
12:34 of 1st period - Shot Misses the Net.
12:36 of 1st period - Shot by Marcus Sorensen.
12:36 of 1st period - Shot Blocked by Colin Miller.
12:38 of 1st period - Shot by Marcus Sorensen.
12:38 of 1st period - Shot Misses the Net.
12:56 of 1st period - Shot by Marcus Sorensen.
12:56 of 1st period - Stopped by Brian Elliott without a rebound.
12:57 of 1st period - Sean Couturier wins face-off versus Carl Hagelin in Blues zone.
13:04 of 1st period - Shot by Sean Couturier.
13:04 of 1st period - Stopped by Tristan Jarry without a rebound.
13:05 of 1st period - Sean Couturier wins face-off versus Adam Henrique in Bruins zone.
13:10 of 1st period - Shot by Johnny Gaudreau.
13:10 of 1st period - Shot Misses the Net.
13:14 of 1st period - Shot by Sean Couturier.
13:14 of 1st period - Goal by Sean Couturier - Blues : 1 - Bruins : 0.
13:15 of 1st period - Radek Faksa wins face-off versus Jordan Staal in neutral zone.
14:15 of 1st period - Johnny Gaudreau is hit by Brady Skjei and loses puck.
14:20 of 1st period - Shot by Martin Necas.
14:20 of 1st period - Stopped by Tristan Jarry without a rebound.
14:21 of 1st period - Adam Henrique wins face-off versus Jack Eichel in Bruins zone.
14:36 of 1st period - Shot by Jack Eichel.
14:36 of 1st period - Shot Blocked by Jonathon Merrill.
14:36 of 1st period - Jonathon Merrill from Bruins is injured at 14:36 of 1st period (Bruised Left Shoulder).
14:37 of 1st period - Vladimir Sobotka wins face-off versus Sean Couturier in Bruins zone.
14:44 of 1st period - Shot by Marcus Sorensen.
14:44 of 1st period - Deflect By Antoine Roussel.
14:44 of 1st period - Stopped by Brian Elliott with a rebound.
14:46 of 1st period - Shot by Antoine Roussel.
14:46 of 1st period - Shot Misses the Net.
15:23 of 1st period - Icing by Sean Couturier.
15:24 of 1st period - Sean Couturier wins face-off versus Adam Henrique in Blues zone.
15:57 of 1st period - Shot by Tyler Bertuzzi.
15:57 of 1st period - Stopped by Brian Elliott without a rebound.
15:58 of 1st period - Jack Eichel wins face-off versus Radek Faksa in Blues zone.
16:17 of 1st period - Shot by Radek Faksa.
16:17 of 1st period - Stopped by Brian Elliott without a rebound.
16:18 of 1st period - Christian Dvorak wins face-off versus Vladimir Sobotka in Blues zone.
16:25 of 1st period - Shot by Antoine Roussel.
16:25 of 1st period - Shot Blocked by MacKenzie Weegar.
16:43 of 1st period - Shot by Miles Wood.
16:43 of 1st period - Shot Misses the Net.
16:54 of 1st period - Icing by MacKenzie Weegar.
16:55 of 1st period - Christian Dvorak wins face-off versus Adam Henrique in Blues zone.
17:12 of 1st period - Icing by Colin Miller.
17:13 of 1st period - Christian Dvorak wins face-off versus Radek Faksa in Blues zone.
17:52 of 1st period - Shot by Radek Faksa.
17:52 of 1st period - Stopped by Brian Elliott without a rebound.
17:53 of 1st period - Sean Couturier wins face-off versus Carl Hagelin in Blues zone.
18:04 of 1st period - Shot by Sean Couturier.
18:04 of 1st period - Stopped by Tristan Jarry with a rebound.
18:21 of 1st period - Carl Hagelin is hit by Seth Jones and loses puck.
18:30 of 1st period - Shot by Adam Henrique.
18:30 of 1st period - Stopped by Brian Elliott without a rebound.
18:31 of 1st period - Vladimir Sobotka wins face-off versus Jack Eichel in Blues zone.
18:31 of 1st period - Vladimir Sobotka is hit by Ryan Pulock.
18:37 of 1st period - Shot by Marcus Sorensen.
18:37 of 1st period - Shot Blocked by Ryan Pulock.
19:05 of 1st period - Shot by Marcus Sorensen.
19:05 of 1st period - Stopped by Brian Elliott without a rebound.
19:06 of 1st period - Radek Faksa wins face-off versus Jordan Staal in Blues zone.
19:06 of 1st period - Minor Penalty to P.K. Subban for Delaying the game.
19:07 of 1st period - Jordan Staal wins face-off versus Jayson Megna in Blues zone.
19:15 of 1st period - Icing by Brady Skjei.
19:16 of 1st period - Jordan Staal wins face-off versus Jayson Megna in Bruins zone.
Goals for this period are 1 for Blues vs 0 for Bruins.
Shots for this period are 11 for Blues vs 18 for Bruins.

2nd period


0:01 of 2nd period - Adam Henrique wins face-off versus Jordan Staal in neutral zone.
0:10 of 2nd period - Shot by Marcus Sorensen.
0:10 of 2nd period - Shot Blocked by Seth Jones.
0:15 of 2nd period - Adam Henrique is hit by Seth Jones and loses puck.
0:51 of 2nd period - Icing by Jayson Megna.
0:52 of 2nd period - Michael Chaput wins face-off versus Jayson Megna in Bruins zone.
1:10 of 2nd period - Brian Dumoulin is hit by Mikko Rantanen and loses puck.
2:01 of 2nd period - Michael Frolik is hit by Colin Miller and loses puck.
2:14 of 2nd period - Shot by Alex Iafallo.
2:14 of 2nd period - Stopped by Brian Elliott without a rebound.
2:15 of 2nd period - Adam Henrique wins face-off versus Johnny Gaudreau in Blues zone.
2:18 of 2nd period - Shot by Tyler Bertuzzi.
2:18 of 2nd period - Shot Misses the Net.
2:37 of 2nd period - Off-side.
2:38 of 2nd period - Christian Dvorak wins face-off versus Vladimir Sobotka in neutral zone.
2:43 of 2nd period - Icing by Vladimir Sobotka.
2:44 of 2nd period - Christian Dvorak wins face-off versus Vladimir Sobotka in Bruins zone.
2:50 of 2nd period - Off-side.
2:51 of 2nd period - Adam Henrique wins face-off versus Martin Necas in neutral zone.
3:11 of 2nd period - Shot by Sean Couturier.
3:11 of 2nd period - Stopped by Tristan Jarry without a rebound.
3:12 of 2nd period - Radek Faksa wins face-off versus Christian Dvorak in Bruins zone.
3:19 of 2nd period - Shot by Radek Faksa.
3:19 of 2nd period - Shot Misses the Net.
3:21 of 2nd period - Shot by Michael Frolik.
3:21 of 2nd period - Stopped by Brian Elliott without a rebound.
3:22 of 2nd period - Jack Eichel wins face-off versus Carl Hagelin in Blues zone.
3:36 of 2nd period - Shot by Adam Henrique.
3:36 of 2nd period - Shot Misses the Net.
3:40 of 2nd period - Shot by Adam Henrique.
3:40 of 2nd period - Shot Misses the Net.
3:44 of 2nd period - Shot by Tyler Bertuzzi.
3:44 of 2nd period - Stopped by Brian Elliott without a rebound.
3:45 of 2nd period - Radek Faksa wins face-off versus Sean Couturier in Blues zone.
3:58 of 2nd period - Shot by Seth Jones.
3:58 of 2nd period - Shot Misses the Net.
5:07 of 2nd period - Shot by Mikko Rantanen.
5:07 of 2nd period - Shot Blocked by Brady Skjei.
5:09 of 2nd period - Shot by Mikko Rantanen.
5:09 of 2nd period - Stopped by Tristan Jarry without a rebound.
5:10 of 2nd period - Christian Dvorak wins face-off versus Vladimir Sobotka in Bruins zone.
5:23 of 2nd period - Shot by Colin Miller.
5:23 of 2nd period - Shot Blocked by Brett Pesce.
5:25 of 2nd period - Shot by MacKenzie Weegar.
5:25 of 2nd period - Shot Misses the Net.
5:27 of 2nd period - Shot by MacKenzie Weegar.
5:27 of 2nd period - Stopped by Tristan Jarry without a rebound.
5:28 of 2nd period - Radek Faksa wins face-off versus Jordan Staal in Bruins zone.
8:10 of 2nd period - Shot by Christian Dvorak.
8:10 of 2nd period - Deflect By Anthony Mantha.
8:10 of 2nd period - Stopped by Tristan Jarry without a rebound.
8:11 of 2nd period - Michael Chaput wins face-off versus Radek Faksa in Bruins zone.
9:14 of 2nd period - Minor Penalty to P.K. Subban for Roughing.
9:15 of 2nd period - Jordan Staal wins face-off versus Adam Henrique in Blues zone.
9:28 of 2nd period - Shot by Christian Dvorak.
9:28 of 2nd period - Shot Misses the Net.
10:08 of 2nd period - Off-side.
10:09 of 2nd period - Jordan Staal wins face-off versus Michael Frolik in neutral zone.
10:37 of 2nd period - Jordan Oesterle is hit by MacKenzie Weegar and loses puck.
11:41 of 2nd period - Shot by Jack Eichel.
11:41 of 2nd period - Stopped by Tristan Jarry without a rebound.
11:42 of 2nd period - Sean Couturier wins face-off versus Adam Henrique in Bruins zone.
11:47 of 2nd period - Shot by Martin Necas.
11:47 of 2nd period - Shot Misses the Net.
11:56 of 2nd period - Icing by Ryan Pulock.
11:57 of 2nd period - Vladimir Sobotka wins face-off versus Sean Couturier in Blues zone.
12:02 of 2nd period - Shot by Marcus Sorensen.
12:02 of 2nd period - Shot Misses the Net.
12:09 of 2nd period - Sean Couturier is hit by Brady Skjei.
12:18 of 2nd period - Shot by Sean Couturier.
12:18 of 2nd period - Stopped by Tristan Jarry without a rebound.
12:19 of 2nd period - Adam Henrique wins face-off versus Jack Eichel in Bruins zone.
13:04 of 2nd period - Off-side.
13:05 of 2nd period - Christian Dvorak wins face-off versus Radek Faksa in neutral zone.
13:13 of 2nd period - Alex Iafallo is hit by Colin Miller and loses puck.
13:18 of 2nd period - Shot by Alex Iafallo.
13:18 of 2nd period - Goal by Alex Iafallo - Blues : 1 - Bruins : 1.
13:19 of 2nd period - Sean Couturier wins face-off versus Vladimir Sobotka in neutral zone.
13:41 of 2nd period - Off-side.
13:42 of 2nd period - Christian Dvorak wins face-off versus Radek Faksa in neutral zone.
14:16 of 2nd period - Shot by Anthony Mantha.
14:16 of 2nd period - Stopped by Tristan Jarry without a rebound.
14:17 of 2nd period - Mikko Rantanen wins face-off versus Adam Henrique in Bruins zone.
14:17 of 2nd period - Mikko Rantanen is hit by Brett Pesce.
14:24 of 2nd period - Icing by Brian Dumoulin.
14:25 of 2nd period - Tyler Bertuzzi wins face-off versus Sean Couturier in Bruins zone.
14:41 of 2nd period - Sean Couturier is hit by Tyler Bertuzzi.
15:01 of 2nd period - Shot by Sean Couturier.
15:01 of 2nd period - Deflect By Johnny Gaudreau.
15:01 of 2nd period - Stopped by Tristan Jarry without a rebound.
15:02 of 2nd period - Radek Faksa wins face-off versus Jack Eichel in Bruins zone.
15:11 of 2nd period - Shot by Radek Faksa.
15:11 of 2nd period - Shot Misses the Net.
16:05 of 2nd period - Shot by Christian Dvorak.
16:05 of 2nd period - Shot Misses the Net.
16:50 of 2nd period - Shot by Martin Necas.
16:50 of 2nd period - Shot Blocked by Colton White.
17:00 of 2nd period - Shot by Sean Couturier.
17:00 of 2nd period - Shot Misses the Net.
17:02 of 2nd period - Shot by Sean Couturier.
17:02 of 2nd period - Shot Blocked by Brian Dumoulin.
17:04 of 2nd period - Shot by Sean Couturier.
17:04 of 2nd period - Deflect By Martin Necas.
17:04 of 2nd period - Shot Misses the Net.
17:08 of 2nd period - Shot by Sean Couturier.
17:08 of 2nd period - Stopped by Tristan Jarry without a rebound.
17:09 of 2nd period - Adam Henrique wins face-off versus Jordan Staal in Bruins zone.
17:19 of 2nd period - Brett Pesce is hit by P.K. Subban and loses puck.
17:31 of 2nd period - Off-side.
17:32 of 2nd period - Jack Eichel wins face-off versus Radek Faksa in neutral zone.
17:40 of 2nd period - Off-side.
17:41 of 2nd period - Adam Henrique wins face-off versus Sean Couturier in neutral zone.
17:55 of 2nd period - Shot by Adam Henrique.
17:55 of 2nd period - Deflect By Tyler Bertuzzi.
17:55 of 2nd period - Stopped by Brian Elliott without a rebound.
17:56 of 2nd period - Radek Faksa wins face-off versus Jack Eichel in Blues zone.
18:03 of 2nd period - Shot by Radek Faksa.
18:03 of 2nd period - Shot Blocked by Dougie Hamilton.
18:05 of 2nd period - Shot by Alex Iafallo.
18:05 of 2nd period - Stopped by Brian Elliott without a rebound.
18:06 of 2nd period - Adam Henrique wins face-off versus Christian Dvorak in Blues zone.
18:08 of 2nd period - Tyler Bertuzzi is hit by P.K. Subban.
18:19 of 2nd period - Icing by Jordan Oesterle.
18:20 of 2nd period - Mikko Rantanen wins face-off versus Carl Hagelin in Bruins zone.
18:35 of 2nd period - Shot by Jack Eichel.
18:35 of 2nd period - Stopped by Tristan Jarry without a rebound.
18:36 of 2nd period - Radek Faksa wins face-off versus Sean Couturier in Bruins zone.
18:36 of 2nd period - Radek Faksa is hit by Martin Necas.
18:37 of 2nd period - Minor Penalty to Martin Necas for Holding.
18:38 of 2nd period - Adam Henrique wins face-off versus Jordan Staal in Blues zone.
19:04 of 2nd period - Shot by Marcus Sorensen.
19:04 of 2nd period - Stopped by Brian Elliott without a rebound.
19:05 of 2nd period - Jordan Staal wins face-off versus Jayson Megna in Blues zone.
19:19 of 2nd period - Icing by Michael Frolik.
19:20 of 2nd period - Jordan Staal wins face-off versus Tyler Bertuzzi in Bruins zone.
Goals for this period are 0 for Blues vs 1 for Bruins.
Shots for this period are 10 for Blues vs 7 for Bruins.

3rd period


0:01 of 3rd period - Jordan Staal wins face-off versus Adam Henrique in neutral zone.
0:52 of 3rd period - Shot by Mikko Rantanen.
0:52 of 3rd period - Shot Blocked by Brian Dumoulin.
0:54 of 3rd period - Shot by Jack Eichel.
0:54 of 3rd period - Goal by Jack Eichel - Blues : 2 - Bruins : 1.
0:55 of 3rd period - Radek Faksa wins face-off versus Sean Couturier in neutral zone.
1:01 of 3rd period - Icing by Ryan Pulock.
1:02 of 3rd period - Jayson Megna wins face-off versus Martin Necas in Blues zone.
1:20 of 3rd period - Off-side.
1:21 of 3rd period - Adam Henrique wins face-off versus Jack Eichel in neutral zone.
1:26 of 3rd period - Shot by Tyler Bertuzzi.
1:26 of 3rd period - Stopped by Brian Elliott with a rebound.
1:37 of 3rd period - Shot by P.K. Subban.
1:37 of 3rd period - Stopped by Tristan Jarry without a rebound.
1:38 of 3rd period - Radek Faksa wins face-off versus Christian Dvorak in Bruins zone.
1:38 of 3rd period - Alex Iafallo is hit by Anthony Mantha and loses puck.
2:13 of 3rd period - Minor Penalty to Anthony Mantha for High sticking.
2:14 of 3rd period - Adam Henrique wins face-off versus Jordan Staal in Blues zone.
2:32 of 3rd period - Jordan Staal is hit by Marcus Sorensen and loses puck.
3:15 of 3rd period - Shot by Jayson Megna.
3:15 of 3rd period - Stopped by Brian Elliott without a rebound.
3:16 of 3rd period - Jordan Staal wins face-off versus Michael Frolik in Blues zone.
3:52 of 3rd period - Michael Chaput is hit by Tyler Bertuzzi and loses puck.
4:33 of 3rd period - Brian Dumoulin is hit by Mikko Rantanen and loses puck.
4:42 of 3rd period - Shot by Josh Bailey.
4:42 of 3rd period - Stopped by Tristan Jarry without a rebound.
4:43 of 3rd period - Adam Henrique wins face-off versus Sean Couturier in Bruins zone.
5:08 of 3rd period - Shot by Sean Couturier.
5:08 of 3rd period - Stopped by Tristan Jarry without a rebound.
5:09 of 3rd period - Jayson Megna wins face-off versus Christian Dvorak in Bruins zone.
5:09 of 3rd period - Jayson Megna is hit by Miles Wood.
5:10 of 3rd period - Minor Penalty to Anthony Mantha for Hooking.
5:11 of 3rd period - Adam Henrique wins face-off versus Jordan Staal in Blues zone.
5:37 of 3rd period - Marcus Sorensen is hit by P.K. Subban and loses puck.
7:18 of 3rd period - Shot by Antoine Roussel.
7:18 of 3rd period - Stopped by Brian Elliott with a rebound.
7:20 of 3rd period - Shot by Brian Dumoulin.
7:20 of 3rd period - Shot Misses the Net.
7:22 of 3rd period - Shot by Antoine Roussel.
7:22 of 3rd period - Stopped by Brian Elliott without a rebound.
7:23 of 3rd period - Jack Eichel wins face-off versus Jayson Megna in Blues zone.
7:23 of 3rd period - MacKenzie Weegar beats up Jayson Megna.
7:23 of 3rd period - Penalty to Jayson Megna for Fighting.
7:23 of 3rd period - Penalty to MacKenzie Weegar for Fighting.
7:23 of 3rd period - Penalty to MacKenzie Weegar for instigated a fight.
7:23 of 3rd period - MacKenzie Weegar is ejected from game.
7:24 of 3rd period - Carl Hagelin wins face-off versus Jordan Staal in Blues zone.
7:25 of 3rd period - Shot by Michael Frolik.
7:25 of 3rd period - Stopped by Brian Elliott with a rebound.
7:27 of 3rd period - Shot by Colton White.
7:27 of 3rd period - Shot Misses the Net.
8:16 of 3rd period - Shot by Adam Henrique.
8:16 of 3rd period - Shot Blocked by Seth Jones.
8:18 of 3rd period - Shot by Adam Henrique.
8:18 of 3rd period - Shot Blocked by P.K. Subban.
8:20 of 3rd period - Shot by Jordan Oesterle.
8:20 of 3rd period - Shot Misses the Net.
8:22 of 3rd period - Shot by Jordan Oesterle.
8:22 of 3rd period - Shot Blocked by Seth Jones.
8:33 of 3rd period - Icing by Brady Skjei.
8:34 of 3rd period - Adam Henrique wins face-off versus Michael Chaput in Bruins zone.
9:37 of 3rd period - Brian Dumoulin is hit by Mikko Rantanen.
10:19 of 3rd period - Icing by Ryan Pulock.
10:20 of 3rd period - Radek Faksa wins face-off versus Sean Couturier in Blues zone.
11:11 of 3rd period - Shot by Tyler Bertuzzi.
11:11 of 3rd period - Shot Misses the Net.
11:22 of 3rd period - Christian Dvorak is hit by Brian Dumoulin and loses puck.
11:25 of 3rd period - Shot by Anthony Mantha.
11:25 of 3rd period - Stopped by Tristan Jarry without a rebound.
11:26 of 3rd period - Jack Eichel wins face-off versus Michael Frolik in Bruins zone.
11:39 of 3rd period - Shot by Jack Eichel.
11:39 of 3rd period - Stopped by Tristan Jarry with a rebound.
11:43 of 3rd period - Shot by Jack Eichel.
11:43 of 3rd period - Stopped by Tristan Jarry without a rebound.
11:44 of 3rd period - Sean Couturier wins face-off versus Carl Hagelin in Bruins zone.
11:54 of 3rd period - Shot by Tyler Bertuzzi.
11:54 of 3rd period - Shot Hit the Post.
12:35 of 3rd period - Off-side.
12:36 of 3rd period - Jayson Megna wins face-off versus Jack Eichel in neutral zone.
12:51 of 3rd period - Shot by Antoine Roussel.
12:51 of 3rd period - Shot Misses the Net.
13:11 of 3rd period - Shot by Mikko Rantanen.
13:11 of 3rd period - Stopped by Tristan Jarry without a rebound.
13:12 of 3rd period - Christian Dvorak wins face-off versus Radek Faksa in Bruins zone.
13:31 of 3rd period - Shot by Alex Iafallo.
13:31 of 3rd period - Deflect By Radek Faksa.
13:31 of 3rd period - Shot Misses the Net.
14:21 of 3rd period - Shot by Adam Henrique.
14:21 of 3rd period - Shot Blocked by Seth Jones.
14:42 of 3rd period - Icing by Seth Jones.
14:43 of 3rd period - Sean Couturier wins face-off versus Vladimir Sobotka in Blues zone.
14:55 of 3rd period - Shot by Vladimir Sobotka.
14:55 of 3rd period - Shot Misses the Net.
15:00 of 3rd period - Minor Penalty to P.K. Subban for Unsportsmanlike conduct.
15:01 of 3rd period - Jordan Staal wins face-off versus Jayson Megna in Blues zone.
15:09 of 3rd period - Icing by Brady Skjei.
15:10 of 3rd period - Jayson Megna wins face-off versus Jordan Staal in Bruins zone.
15:10 of 3rd period - Jayson Megna is hit by Jordan Staal.
15:34 of 3rd period - Shot by Michael Frolik.
15:34 of 3rd period - Shot Blocked by Trevor Lewis.
15:36 of 3rd period - Shot by Tyler Bertuzzi.
15:36 of 3rd period - Shot Blocked by Colin Miller.
16:22 of 3rd period - Icing by Colton White.
16:23 of 3rd period - Adam Henrique wins face-off versus Michael Chaput in Bruins zone.
17:32 of 3rd period - Shot by Mikko Rantanen.
17:32 of 3rd period - Shot Blocked by Brett Pesce.
17:34 of 3rd period - Shot by P.K. Subban.
17:34 of 3rd period - Deflect By Mikko Rantanen.
17:34 of 3rd period - Goal by Mikko Rantanen - Blues : 3 - Bruins : 1.
17:35 of 3rd period - Adam Henrique wins face-off versus Sean Couturier in neutral zone.
18:44 of 3rd period - Shot by Anthony Mantha.
18:44 of 3rd period - Shot Blocked by Jordan Oesterle.
19:01 of 3rd period - Icing by Dougie Hamilton.
19:02 of 3rd period - Jack Eichel wins face-off versus Radek Faksa in Blues zone.
19:29 of 3rd period - Shot by Radek Faksa.
19:29 of 3rd period - Stopped by Brian Elliott without a rebound.
19:30 of 3rd period - Sean Couturier wins face-off versus Vladimir Sobotka in Blues zone.
19:30 of 3rd period - Sean Couturier is hit by Vladimir Sobotka.
Goals for this period are 2 for Blues vs 0 for Bruins.
Shots for this period are 9 for Blues vs 6 for Bruins.